Map: 2000 Atmospheres LE

Players

ExpecT - Winner!

  • Race: Terran Terran

MysteryMan

  • Race: Zerg Zerg

Event: DreamHack SC2 Masters 2021 Fall

VOD

Have the link to the VOD?

Description

Time

  • Played on: July 28, 2021, 8:23 a.m.
  • Length: 16:18

All games in this series

Show
View Real Time Build Order
Export as new Build Order

ExpecT Terran - Winner!

Build Orders: Reaper Expand, Hellion Banshee 

Get SALT Encoding   

  12  0:00  SCV  
  13  0:12  SCV  
  14  0:17  Supply Depot  
  14  0:24  SCV  
  15  0:38  SCV  
  15  0:39  Barracks  
  16  0:44  Refinery  
  16  0:50  SCV  
  17  1:03  SCV  
  18  1:15  SCV  
  19  1:27  Orbital Command  
  19  1:28  Reaper  
  20  1:40  Command Center  
  20  1:53  Supply Depot, SCV  
  21  2:00  Marine  
  22  2:05  SCV  
  23  2:09  Factory  
  23  2:17  SCV  
  23  2:22  Barracks Reactor  
  24  2:29  SCV  
  25  2:42  Command Center  
  25  2:45  SCV  
  25  2:49  Refinery  
  26  2:53  Orbital Command  
  26  2:58  SCV  
  27  3:04  Starport  
  27  3:10  SCV  
  28  3:16  Hellion  
  28  3:17  Hellion  
  28  3:19  Barracks Tech Lab  
  32  3:21  SCV  
  32  3:25  SCV  
  34  3:34  SCV  
  35  3:38  Hellion x2  
  39  3:43  SCV  
  39  3:46  SCV  
  39  3:47  Banshee  
  44  3:49  Cloaking Field  
  44  3:53  Barracks Tech Lab  
  44  3:55  SCV  
  46  4:00  Orbital Command  
  46  4:01  SCV  
  46  4:07  SCV  
  46  4:08  Hellion x2  
  51  4:15  SCV  
  52  4:19  Supply Depot, Stimpack, SCV  
  53  4:26  SCV  
  53  4:27  SCV  
  53  4:30  Hellion x2  
  59  4:32  SCV  
  61  4:40  Marine, Banshee, Orbital Command, SCV  
  61  4:43  Supply Depot  
  61  4:44  SCV  
  67  4:52  SCV  
  67  4:55  Barracks  
  67  4:56  SCV  
  67  4:58  Barracks  
  68  5:04  Supply Depot, Factory Reactor, SCV  
  68  5:06  Supply Depot  
  70  5:07  SCV  
  70  5:09  SCV  
  70  5:10  Engineering Bay x2  
  70  5:11  Marine  
  72  5:17  Refinery, SCV  
  72  5:18  Refinery  
  72  5:19  SCV  
  72  5:21  SCV  
  75  5:29  SCV  
  75  5:30  Marine  
  75  5:31  SCV, Supply Depot  
  75  5:32  Starport Reactor  
  75  5:33  SCV  
  79  5:41  SCV  
  78  5:43  SCV  
  78  5:45  SCV  
  78  5:48  Marine, Terran Infantry Armor Level 1, Terran Infantry Weapons Level 1  
  81  5:53  SCV  
  81  5:55  SCV  
  83  5:57  Marine x2, SCV  
  83  6:01  Marine x2  
  83  6:02  Combat Shield  
  83  6:03  Siege Tank  
  91  6:05  Marine, SCV  
  91  6:07  SCV  
  91  6:09  SCV  
  91  6:10  Supply Depot  
  95  6:12  Armory  
  95  6:14  Marine  
  95  6:15  Marine  
  95  6:17  SCV  
  98  6:19  Marine, SCV  
  98  6:22  Marine, Barracks x2  
  101  6:31  Marine, SCV x2, Medivac x2  
  101  6:32  Supply Depot x2  
  108  6:33  Marine  
  108  6:38  Marine x2  
  108  6:39  SCV  
  109  6:42  Refinery  
  109  6:53  Marine x3, SCV, Siege Tank  
  113  6:56  Marine x2  
  113  6:58  Supply Depot  
  113  6:59  Supply Depot  
  115  7:02  Medivac x2  
  119  7:09  Barracks Reactor  
  119  7:10  Barracks Reactor  
  119  7:11  Marine x3  
  119  7:13  Command Center  
  119  7:14  Marine x2  
  124  7:17  Factory  
  124  7:29  Marine x3  
  127  7:32  Marine x2, Supply Depot, Siege Tank  
  127  7:33  Supply Depot  
  132  7:39  Barracks, Medivac x2  
  132  7:41  Supply Depot, Barracks x2  
  136  7:46  Marine x2  
  136  7:47  Marine  
  136  7:50  Marine x2  
  136  7:51  Marine x2  
  140  7:53  Marine x2  
  143  8:01  Supply Depot x2  
  143  8:04  Marine x3  
  143  8:05  Siege Tank  
  149  8:07  Marine x2  
  149  8:10  Medivac x2  
  154  8:14  Factory Tech Lab  
  154  8:16  Refinery  
  154  8:18  Marine  
  154  8:21  Marine  
  154  8:22  Marine  
  154  8:31  Marine  
  154  8:32  Marine x2, Barracks Tech Lab, Marauder  
  154  8:33  Barracks Tech Lab x2  
  149  8:37  Siege Tank  
  149  8:38  Siege Tank  
  153  8:47  SCV x3  
  153  8:48  Marine x5  
  150  8:52  Marine x4, Marauder x2  
  150  8:53  Marauder  
  160  8:59  SCV x2  
  158  9:05  Marine  
  158  9:06  Marine x4  
  158  9:09  Siege Tank  
  144  9:10  Marine  
  144  9:11  Marine x2, Siege Tank, Marauder  
  144  9:14  Marauder x2  
  144  9:15  Marauder  
  133  9:23  Marine x2  
  133  9:24  Marine x3  
  128  9:28  Marine  
  128  9:29  Marine x2  
  122  9:32  Marauder  
  122  9:34  Planetary Fortress  
  122  9:35  Marauder x2  
  122  9:36  Marine, SCV x2  
  121  9:41  Marine, Siege Tank  
  121  9:45  Siege Tank  
  128  9:48  Marine x2  
  128  9:50  Marine x5  
  128  9:51  Concussive Shells  
  135  9:53  Marauder  
  135  9:54  Marauder  
  135  9:56  Marine  
  135  9:57  Terran Infantry Weapons Level 2  
  140  10:07  Marine x2, Marauder  
  140  10:09  Marine x6  
  140  10:11  SCV x3  
  140  10:13  Supply Depot, Terran Vehicle Weapons Level 1  
  153  10:14  Marauder  
  153  10:15  Medivac, Marauder x2  
  153  10:16  Medivac  
  163  10:22  Siege Tank  
  163  10:24  Marine  
  163  10:27  Marine  
  168  10:29  Marine x3, Marauder  
  168  10:30  Marine x3  
  177  10:36  Marine, Marauder x2  
  177  10:39  SCV x3  
  177  10:40  Command Center  
  177  10:42  Marine  
  184  10:45  Marine, Supply Depot  
  184  10:46  Terran Infantry Armor Level 2  
  184  10:47  Marine x2  
  184  10:48  Medivac  
  189  10:50  Marauder  
  189  10:53  Medivac  
  189  10:57  Widow Mine  
  189  10:59  Marine x3, Marauder  
  189  11:00  Marauder x2  
  189  11:03  Refinery  
  200  11:05  Refinery  
  200  11:20  Marine, Marauder  
  197  11:30  Marine x2, Siege Tank  
  197  11:31  Marauder  
  181  11:40  Marine x3  
  181  11:41  Marine x3, Marauder x2  
  181  11:43  Marauder  
  172  11:48  Marine  
  172  11:52  Medivac  
  150  11:54  Siege Tank  
  150  11:57  SCV  
  150  11:58  Marine x3  
  150  11:59  Marauder  
  135  12:02  Siege Tank  
  135  12:04  Marine x4, Marauder  
  135  12:05  Marauder x2  
  135  12:06  Marine  
  143  12:09  Medivac  
  143  12:14  SCV x2  
  147  12:16  Marine x3  
  147  12:20  Marauder, Terran Infantry Weapons Level 3  
  147  12:22  Marine x2, Medivac  
  156  12:26  Marine x2, Siege Tank, Marauder  
  156  12:27  Marauder  
  165  12:34  Siege Tank  
  168  12:41  Marine, Supply Depot  
  168  12:43  Supply Depot  
  168  12:44  Supply Depot  
  162  12:45  Orbital Command  
  162  12:49  Marine  
  162  12:51  Marine x2  
  155  12:52  Marauder x3  
  155  12:53  Marine x4, Marauder  
  155  12:57  SCV x3  
  155  12:59  Marine, Planetary Fortress  
  151  13:05  Siege Tank  
  151  13:07  Marine  
  152  13:13  Marauder x2  
  152  13:14  SCV x2  
  152  13:22  Marine, Marauder  
  153  13:28  Marine  
  153  13:29  Marine x2, Marauder  
  148  13:35  Siege Tank, Marauder x2  
  148  13:36  Marine  
  148  13:37  Marine  
  148  13:39  SCV x3  
  160  13:44  Marauder  
  160  13:48  Marine x6  
  165  13:51  Siege Tank, Marauder  
  165  13:52  SCV  
  174  13:56  Marine, Marauder x2  
  174  14:01  Marine  
  178  14:05  Supply Depot  
  178  14:06  Supply Depot x2  
  178  14:09  Marine  
  179  14:12  Orbital Command, Marauder x2  
  179  14:13  Medivac  
  179  14:14  Medivac  
  187  14:23  SCV  
  187  14:26  Siege Tank, Marauder  
  187  14:27  Marine x2  
  187  14:28  SCV, Marauder  
  187  14:29  Marine x2  
  198  14:32  Marine x2  
  197  14:39  SCV x3, Factory  
  195  14:46  Marine x2, Marauder  
  195  14:52  Marine  
  198  15:04  Siege Tank  
  198  15:05  Medivac x2  
  183  15:13  Marine  
  183  15:14  Marine x2, Marauder  
  157  15:19  Marine  
  157  15:20  Marine x2, Marauder x2  
  141  15:22  Marine x2  
  141  15:23  Marauder  
  141  15:27  SCV  
  148  15:33  Command Center  
  148  15:34  Marine x2  
  148  15:35  Medivac x2, Factory Tech Lab  
  154  15:36  Siege Tank, Marauder  
  154  15:42  Marine x4, Marauder  
  163  15:43  Marauder  
  163  15:44  Marauder  
  163  15:45  Marine x2  
  169  15:52  Marine  
  169  15:55  Marine  
  176  15:57  Marauder  
  176  16:00  Marine x3  
Show
View Real Time Build Order
Export as new Build Order

MysteryMan Zerg 

Build Orders: Hatch First 

Get SALT Encoding   

  12  0:00  Drone  
  13  0:12  Overlord  
  13  0:17  Drone  
  14  0:30  Drone x2  
  16  0:48  Hatchery  
  15  0:51  Drone  
  15  0:54  Drone  
  17  0:57  Drone  
  18  1:07  Extractor  
  17  1:12  Spawning Pool  
  17  1:15  Drone  
  17  1:19  Drone  
  18  1:28  Drone  
  19  1:38  Drone  
  20  1:50  Drone  
  21  1:59  Queen x2  
  21  2:00  Zergling x2  
  21  2:01  Zergling x2  
  27  2:15  Hatchery  
  27  2:18  Overlord  
  27  2:21  Drone  
  27  2:24  Drone  
  28  2:39  Drone x2  
  28  2:40  Metabolic Boost  
  28  2:41  Drone  
  31  2:44  Queen  
  31  2:50  Overlord  
  33  2:53  Drone x2  
  35  3:00  Drone  
  36  3:09  Drone x4  
  36  3:10  Overlord  
  40  3:18  Drone  
  41  3:20  Queen, Drone  
  44  3:28  Queen  
  44  3:29  Drone x2  
  44  3:33  Drone  
  49  3:38  Roach Warren  
  49  3:39  Extractor  
  49  3:40  Drone  
  49  3:41  Drone  
  49  3:43  Drone  
  49  3:47  Overlord  
  50  3:49  Drone x2  
  50  3:51  Drone x2  
  54  3:56  Drone x2  
  54  3:59  Queen  
  58  4:03  Overlord  
  58  4:10  Spore Crawler  
  56  4:17  Drone x2  
  56  4:18  Overlord  
  56  4:20  Roach x3  
  64  4:26  Drone x3  
  64  4:27  Drone x2  
  64  4:31  Overlord  
  69  4:32  Drone x2  
  69  4:37  Drone x2  
  69  4:38  Drone  
  74  4:43  Spore Crawler  
  74  4:44  Drone  
  74  4:45  Drone x2  
  76  4:48  Spore Crawler  
  76  4:49  Lair  
  76  4:50  Drone  
  76  4:55  Drone x4  
  80  5:03  Overlord  
  80  5:08  Drone x2  
  80  5:09  Evolution Chamber  
  80  5:10  Zergling x10, Evolution Chamber  
  85  5:23  Drone x2, Overlord  
  85  5:26  Drone x6  
  85  5:27  Extractor  
  85  5:28  Extractor  
  91  5:32  Extractor  
  91  5:33  Extractor  
  91  5:35  Drone x3  
  91  5:37  Zerg Ground Armor Level 1, Zerg Missile Weapons Level 1  
  90  5:46  Drone x4  
  90  5:47  Drone  
  90  5:49  Overseer x2  
  95  5:51  Hatchery  
  94  6:01  Overlord  
  94  6:05  Drone x2  
  94  6:06  Overlord  
  96  6:11  Overlord  
  96  6:12  Overlord  
  96  6:13  Roach x5  
  96  6:17  Overlord  
  106  6:19  Overlord  
  106  6:23  Roach x4  
  114  6:28  Overlord  
  114  6:30  Overlord  
  114  6:31  Roach  
  114  6:32  Roach x4  
  124  6:38  Roach x2  
  128  6:42  Roach  
  129  6:49  Overlord  
  129  6:50  Roach x3  
  135  6:55  Roach  
  135  6:56  Roach x6  
  135  6:57  Overlord  
  135  6:59  Glial Reconstitution  
  149  7:02  Extractor  
  149  7:04  Roach x3  
  154  7:09  Overlord  
  154  7:12  Roach  
  156  7:18  Roach x2  
  156  7:21  Overlord  
  159  7:23  Roach x6  
  159  7:25  Overlord x2  
  159  7:26  Overseer x2  
  171  7:39  Ravager x2  
  171  7:40  Ravager x5  
  171  7:41  Overlord  
  171  7:44  Ravager  
  179  7:45  Zergling x12  
  179  7:46  Zergling x8  
  179  7:49  Zerg Missile Weapons Level 2  
  189  8:02  Roach x3  
  189  8:05  Zerg Ground Armor Level 2  
  186  8:18  Roach x4  
  186  8:19  Roach x2  
  198  8:24  Overlord x2  
  198  8:25  Ravager x3  
  190  8:47  Ravager x3  
  191  8:49  Zergling x18  
  149  9:10  Roach  
  149  9:11  Roach x10  
  145  9:19  Roach  
  136  9:24  Roach x4  
  136  9:30  Roach x2  
  130  9:32  Roach x5  
  123  9:43  Roach Warren  
  122  9:49  Drone  
  122  9:52  Drone x5  
  128  10:01  Drone x7  
  135  10:18  Overlord x2  
  135  10:23  Roach x12  
  135  10:24  Ravager x5  
  135  10:25  Ravager x3  
  135  10:26  Ravager  
  166  10:38  Roach x6  
  166  10:39  Roach  
  166  10:42  Spore Crawler  
  179  10:47  Roach x4  
  187  10:54  Ravager  
  188  10:57  Roach x5  
  188  10:58  Roach  
  189  11:27  Roach x3  
  189  11:28  Roach x6  
  194  11:41  Roach  
  194  11:42  Roach x4  
  193  11:53  Roach x14  
  161  12:02  Roach  
  155  12:10  Roach x6  
  155  12:12  Ravager x10  
  177  12:18  Roach  
  177  12:19  Roach x3  
  177  12:20  Overseer  
  185  12:28  Ravager  
  186  12:30  Roach x4  
  131  12:58  Roach  
  131  12:59  Roach x12  
  149  13:08  Roach x7  
  161  13:18  Hatchery  
  161  13:19  Roach x5  
  157  13:24  Roach  
  157  13:25  Roach  
  148  13:34  Roach  
  148  13:35  Roach x5  
  148  13:37  Ravager x2  
  148  13:38  Ravager x2  
  148  13:39  Ravager x3  
  148  13:41  Zergling x14  
  174  13:44  Zergling x6  
  177  13:50  Zergling x2  
  177  13:53  Ravager x2  
  180  13:56  Zergling x6  
  175  14:03  Zergling x4  
  175  14:07  Infestation Pit  
  174  14:13  Ravager x3  
  174  14:14  Roach x8  
  187  14:37  Drone x6  
  187  14:38  Drone  
  181  14:42  Roach  
  181  14:43  Roach x10  
  162  15:07  Roach x10  
  162  15:08  Roach x3  
  162  15:13  Roach  
  162  15:14  Roach x3  
  153  15:24  Roach x5  
  150  15:29  Ravager  
  150  15:30  Ravager x4  
  150  15:31  Ravager  
  150  15:32  Roach  
  150  15:33  Roach x2  
  162  15:38  Ravager  
  162  15:42  Roach x5  
  175  15:51  Zergling x10  

Tags
 
Add a new tag
Caveats
  • Supply blocks, unpowered buildings, or Contaminate may cause inaccurate times.
  • Supply counts are checked every 10 seconds.